 Dungeon Crawl Stone Soup version 0.18-a0-1637-g109f206 (webtiles) character file.

3 dohliylev the Grasshopper (level 1, 0/17 HPs)
             Began as a Ghoul Warper on Mar 26, 2016.
             Slain by a jackal (2 damage)
             ... on level 1 of the Dungeon.
             The game lasted 00:01:36 (96 turns).

dohliylev the Grasshopper (Ghoul Warper)              Turns: 96, Time: 00:01:37

Health: 0/17       AC:  3    Str: 14    XL:     1   Next: 50%
Magic:  2/2        EV: 11    Int:  8    God:
Gold:   14         SH:  0    Dex:  8    Spells: 1 memorised, 2 levels left

rFire  . . .     SeeInvis .       - Unarmed
rCold  + . .     Gourm    .     a - +0 leather armour
rNeg   + + +     Faith    .     (no shield)
rPois  ∞         Spirit   .     (no helmet)
rElec  .         Dismiss  .     (no cloak)
rCorr  .         Reflect  .     (no gloves)
SustAt .         Harm     .     (no boots)
MR     .....                    (no amulet)
Stlth  +.........               (no ring)
                                (no ring)

@: rotting, not resistant to hostile enchantments, very unstealthy
A: rotting body, claws 1, carnivore 3, cold resistance 1, negative energy
resistance 3, slow regeneration 1, torment resistance, unbreathing
a: no special abilities


You were on level 1 of the Dungeon.
You were not hungry.

You visited 1 branch of the dungeon, and saw 1 of its levels.

You collected 14 gold pieces.

Inventory:

Missiles
 d - 5 tomahawks of dispersal (quivered)
Armour
 a - a +0 leather armour (worn)
Scrolls
 c - a scroll of blinking
 h - a scroll of fear {unknown}
Potions
 e - a potion of magic {unknown}
Books
 b - a book of Spatial Translocations

   Spells                             Type                      Level
   a - Apportation                    Translocation                1
   b - Blink                          Translocation                2
   c - Shroud of Golubria             Charms/Translocation         2
   d - Portal Projectile              Translocation                3
   e - Teleport Other                 Translocation                3
   f - Passage of Golubria            Translocation                4
Comestibles
 f - a meat ration
 g - a slice of pizza
 i - 2 chunks of flesh


   Skills:
 + Level 2.2 Fighting
 + Level 0.8 Throwing
 + Level 1.0 Armour
 + Level 1.7 Dodging
 + Level 2.1 Unarmed Combat
 + Level 1.7 Spellcasting
 + Level 2.8 Translocations


You had 2 spell levels left.
You knew the following spells:

 Your Spells              Type           Power        Failure   Level  Hunger
a - Apportation           Tloc           #.........   17%         1    ##.....


Dungeon Overview and Level Annotations

Branches:
Dungeon (1/15)

Altars:


Innate Abilities, Weirdness & Mutations

Your body is rotting away.
You thrive on raw meat.
You are immune to poison.
You have sharp fingernails.
You are carnivorous and can eat meat at any time.
Your flesh is cold resistant.
You are immune to negative energy.
You regenerate slowly when monsters are visible.
You are immune to unholy pain and torment.
You can survive without breathing.


Message History

You closely miss the jackal.
The jackal is moderately wounded.
The jackal bites you. The jackal closely misses you.
The jackal bites you but does no damage.
You barely miss the jackal.
The jackal is moderately wounded.
The jackal bites you but does no damage.
The jackal bites you.
* * * LOW HITPOINT WARNING * * *
The jackal barely misses you.
You barely miss the jackal.
The jackal is moderately wounded.
The jackal closely misses you. The jackal bites you.
* * * LOW HITPOINT WARNING * * *
You scratch the jackal but do no damage.
The jackal is moderately wounded.
The jackal barely misses you. The jackal bites you.
* * * LOW HITPOINT WARNING * * *
You closely miss the jackal. The jackal bites you.
You die...

... ##.#..#..
#≈...≈#######.##....
#≈...≈#............. ##
#≈#%#≈#######....... ≈≈≈
≈#.#≈ ≈≈≈##..###..
≈...##8.8##...≈#...# ###
≈.............≈##.######
...##8h8##... #.......#
≈≈≈≈≈≈#@#≈≈≈≈≈≈#.......#
#####≈#h#≈######........
#≈...≈###...........
#≈...≈#...).........
#≈...≈#...##########
#≈≈.≈≈#...# ####'###>..#
#..........#
############


You could see 2 jackals.

Vanquished Creatures
  A goblin (D:1)
  A hobgoblin (D:1)
  A rat (D:1)
3 creatures vanquished.

Notes
Turn   | Place    | Note
--------------------------------------------------------------
     0 | D:1      | dohliylev the Ghoul Warper began the quest for the Orb.
     0 | D:1      | Reached XP level 1. HP: 17/17 MP: 2/2
    78 | D:1      | Reached skill level 1 in Armour
    96 | D:1      | Slain by a jackal

Vault maps used:
D:1:      mrwooster_arrival_arrow, kennysheep_minor_cross

Skill      XL: |  1 |
---------------+----+-----
Armour         | 1 |  1.0
Fighting       | |  2.2
Throwing       | |  0.8
Dodging        | |  1.7
Unarmed Combat | |  2.1
Spellcasting   | |  1.7
Translocations | |  2.8

Action                   || total
-------------------------++-------
Melee: Unarmed           ||    26
  Eat: Chunk             ||     1
